PCL
GRESHAM GOLD SOULS @ LANSING LUGNUTS
10/01/2025
 
TOP OF THE 1ST
Gresham Gold Souls batting - Pitching for Lansing Lugnuts : RHP Takafumi Ogusuku
Pitching: RHP Takafumi Ogusuku
Batting: RHB Kazushige Aoki 0-0: Called Strike
0-1: Called Strike
0-2: Ball
1-2: SINGLE (Line Drive, 78S)
Batting: RHB Alejandro Martínez 0-0: Called Strike
Kazushige Aoki steals 2nd base
0-1: Swinging Strike
0-2: Ball
1-2: SINGLE (Flyball, 8LS)
Kazushige Aoki to third
Batting: RHB Arturo Rodríguez 0-0: Fly out, F9 (Flyball, 89D)
Runner from 3rd tags up, SCORES, no throw
Batting: RHB Lorenzo Morín Pickoff Throw to First - Out!
0-0: Ball
1-0: Called Strike
1-1: Foul Ball, location: 2F
1-2: Ball
2-2: Strikes out looking
Top of the 1st over - 1 run(s), 2 hit(s), 0 error(s), 0 left on base; Gresham 1 - Lansing 0
BOTTOM OF THE 1ST
Lansing Lugnuts batting - Pitching for Gresham Gold Souls : RHP David Green
Pitching: RHP David Green
Batting: RHB Billy Campbell 0-0: Fly out, F7 (Flyball, 7D)
Batting: RHB David Murray 0-0: Foul Ball, location: 2F
0-1: Ground out 6-3 (Groundball, 56)
Batting: LHB Sam Barnes 0-0: SINGLE (Groundball, 34)
Batting: LHB Tom Mullins 0-0: Called Strike
0-1: Foul Ball, location: 2F
0-2: Ball
1-2: Fly out, F7 (Flyball, 78D)
Bottom of the 1st over - 0 run(s), 1 hit(s), 0 error(s), 1 left on base; Gresham 1 - Lansing 0
TOP OF THE 2ND
Gresham Gold Souls batting - Pitching for Lansing Lugnuts : RHP Takafumi Ogusuku
Batting: LHB Bill Smith 0-0: Ball
1-0: Ball
2-0: Ball
3-0: Base on Balls
Batting: SHB Todd Smith 0-0: Called Strike
0-1: 2-RUN HOME RUN (Flyball, 9D), Distance : 408 ft
Batting: RHB Juan Acuña 0-0: Called Strike
0-1: Ball
1-1: Ball
2-1: Foul Ball, location: 2F
2-2: Strikes out swinging
Batting: RHB Pablo Castillo 0-0: Ball
1-0: Fly out, F7 (Flyball, 7D)
Batting: RHB Steve Field 0-0: Foul Ball, location: 2F
0-1: Ball
1-1: SINGLE (Groundball, 6)
Batting: RHB Kazushige Aoki 0-0: SINGLE (Line Drive, 7LS)
Steve Field to second
Batting: RHB Alejandro Martínez 0-0: Called Strike
0-1: Swinging Strike
0-2: Ball
1-2: Ball
2-2: Strikes out swinging
Top of the 2nd over - 2 run(s), 3 hit(s), 0 error(s), 2 left on base; Gresham 3 - Lansing 0
BOTTOM OF THE 2ND
Lansing Lugnuts batting - Pitching for Gresham Gold Souls : RHP David Green
Batting: RHB Lu-fang Huie 0-0: Swinging Strike
0-1: Ball
1-1: Ball
2-1: Foul Ball, location: 2F
2-2: Foul Ball, location: 2F
2-2: Ball
3-2: Fly out, F9 (Flyball, 9LS)
Batting: LHB Ricardo Romero 0-0: Ball
1-0: Fly out, F7 (Flyball, 7S)
Batting: RHB Tony Reyes 0-0: Ground out 6-3 (Groundball, 6)
Bottom of the 2nd over - 0 run(s), 0 hit(s), 0 error(s), 0 left on base; Gresham 3 - Lansing 0
TOP OF THE 3RD
Gresham Gold Souls batting - Pitching for Lansing Lugnuts : RHP Takafumi Ogusuku
Batting: RHB Arturo Rodríguez 0-0: Ground out 4-3 (Groundball, 4M)
Batting: RHB Lorenzo Morín 0-0: Ball
1-0: Called Strike
1-1: DOUBLE (Flyball, 89D)
Batting: LHB Bill Smith 0-0: Called Strike
0-1: Ball
1-1: DOUBLE (Groundball, 3L)
Lorenzo Morín scores
Batting: SHB Todd Smith 0-0: Ball
1-0: Ball
2-0: Fly out, F7 (Flyball, 78S)
Batting: RHB Juan Acuña 0-0: Ball
1-0: Foul Ball, location: 2F
1-1: Ball
2-1: SINGLE (Line Drive, 7LS)
Bill Smith to third
Runner from 3rd tries for Home, SAFE, no throw or cutoff
Batting: RHB Pablo Castillo 0-0: Ball
1-0: Ball
2-0: Ball
3-0: Base on Balls
Juan Acuña to second
Batting: RHB Steve Field 0-0: Ball
1-0: Ball
2-0: Foul Ball, location: 2F
2-1: Ball
3-1: Called Strike
3-2: Strikes out swinging
Top of the 3rd over - 2 run(s), 3 hit(s), 0 error(s), 2 left on base; Gresham 5 - Lansing 0
BOTTOM OF THE 3RD
Lansing Lugnuts batting - Pitching for Gresham Gold Souls : RHP David Green
Batting: RHB Félix García 0-0: Ground out 1-3 (Groundball, 13S)
Batting: RHB Ken Fingers 0-0: Ball
1-0: Fly out, F7 (Flyball, 78M)
Batting: RHB Billy Campbell 0-0: Ground out 4-3 (Groundball, 4)
Bottom of the 3rd over - 0 run(s), 0 hit(s), 0 error(s), 0 left on base; Gresham 5 - Lansing 0
TOP OF THE 4TH
Gresham Gold Souls batting - Pitching for Lansing Lugnuts : RHP Takafumi Ogusuku
Pitching: RHP Juan Rodríguez
Batting: RHB Kazushige Aoki 0-0: Ball
1-0: Called Strike
1-1: Ground out 2-3 (Groundball, 2R)
Batting: RHB Alejandro Martínez 0-0: DOUBLE (Groundball, 5L)
Batting: RHB Arturo Rodríguez 0-0: Fly out, F8 (Flyball, 8RXD)
Runner from 2nd tags up, SAFE at 3rd, no throw
Batting: RHB Lorenzo Morín 0-0: Ball
1-0: Ball
2-0: Called Strike
2-1: Called Strike
2-2: Foul Ball, location: 2F
2-2: Ball
3-2: Strikes out swinging
Top of the 4th over - 0 run(s), 1 hit(s), 0 error(s), 1 left on base; Gresham 5 - Lansing 0
BOTTOM OF THE 4TH
Lansing Lugnuts batting - Pitching for Gresham Gold Souls : RHP David Green
Batting: RHB David Murray 0-0: Ball
1-0: SINGLE (Flyball, 6MD)
Batting: LHB Sam Barnes 0-0: Called Strike
0-1: Called Strike
0-2: SINGLE (Groundball, 5D)
David Murray to second
Batting: LHB Tom Mullins 0-0: Swinging Strike
0-1: Grounds into double play, 4-6-3 (Groundball, 4)
David Murray to third
Batting: RHB Lu-fang Huie 0-0: SINGLE (Flyball, 8RS)
David Murray scores
Batting: LHB Ricardo Romero 0-0: Foul Ball, location: 2F
0-1: Ball
1-1: Ball
2-1: Ball
3-1: 2-RUN HOME RUN (Flyball, 89XD), Distance : 407 ft
Batting: RHB Tony Reyes 0-0: Ball
1-0: Ball
2-0: Ball
3-0: Base on Balls
Batting: RHB Félix García 0-0: Swinging Strike
0-1: Ball
1-1: Ball
2-1: Ball
3-1: Base on Balls
Tony Reyes to second
Batting: RHB Ken Fingers 0-0: Ball
1-0: Ball
Wild Pitch!
Tony Reyes to third
Félix García to second
2-0: Called Strike
2-1: Swinging Strike
2-2: Foul Ball, location: 2F
2-2: Fly out, F8 (Flyball, 8RM)
Bottom of the 4th over - 3 run(s), 4 hit(s), 0 error(s), 2 left on base; Gresham 5 - Lansing 3
TOP OF THE 5TH
Gresham Gold Souls batting - Pitching for Lansing Lugnuts : RHP Juan Rodríguez
Batting: LHB Bill Smith 0-0: Ball
1-0: Ball
2-0: Ground out 3-1 (Groundball, 34)
Batting: SHB Todd Smith 0-0: Ball
1-0: Called Strike
1-1: Foul Ball, location: 2F
1-2: Ball
2-2: Foul Ball, location: 2F
2-2: SOLO HOME RUN (Flyball, 9LD), Distance : 354 ft
Pitching: RHP Kosami Tagawa
Batting: RHB Juan Acuña 0-0: Called Strike
0-1: Ball
1-1: Foul Ball, location: 2F
1-2: Ground out 1-3 (Groundball, 15S)
Batting: RHB Pablo Castillo 0-0: Ball
1-0: Called Strike
1-1: Ball
2-1: Swinging Strike
2-2: Strikes out swinging
Top of the 5th over - 1 run(s), 1 hit(s), 0 error(s), 0 left on base; Gresham 6 - Lansing 3
BOTTOM OF THE 5TH
Lansing Lugnuts batting - Pitching for Gresham Gold Souls : RHP David Green
Batting: RHB Billy Campbell 0-0: Called Strike
0-1: Ball
1-1: Ball
2-1: SINGLE (Groundball, 6MD)
Batting: RHB David Murray 0-0: Called Strike
0-1: Foul Ball, location: 2F
0-2: Ball
1-2: SINGLE (Line Drive, 8LS)
Billy Campbell to second
Batting: LHB Sam Barnes 0-0: Grounds into double play, 6-4-3 (Groundball, 6)
Billy Campbell to third
Batting: LHB Tom Mullins 0-0: Ground out 4-3 (Groundball, 6M)
Bottom of the 5th over - 0 run(s), 2 hit(s), 0 error(s), 1 left on base; Gresham 6 - Lansing 3
TOP OF THE 6TH
Gresham Gold Souls batting - Pitching for Lansing Lugnuts : RHP Kosami Tagawa
Batting: RHB Steve Field 0-0: Ball
1-0: Foul Ball, location: 2F
1-1: Fly out, F9 (Flyball, 9S)
Batting: RHB Kazushige Aoki 0-0: Ground out 1-3 (Groundball, 23)
Batting: RHB Alejandro Martínez 0-0: Ground out 1-3 (Groundball, 23)
Top of the 6th over - 0 run(s), 0 hit(s), 0 error(s), 0 left on base; Gresham 6 - Lansing 3
BOTTOM OF THE 6TH
Lansing Lugnuts batting - Pitching for Gresham Gold Souls : RHP David Green
Batting: RHB Lu-fang Huie 0-0: Ball
1-0: Fly out, F9 (Flyball, 9S)
Batting: LHB Ricardo Romero 0-0: Swinging Strike
0-1: Foul Ball, location: 2F
0-2: Foul Ball, location: 2F
0-2: Ball
1-2: Ball
2-2: Strikes out swinging
Batting: RHB Tony Reyes 0-0: Called Strike
0-1: Ball
1-1: Foul Ball, location: 2F
1-2: Foul Ball, location: 2F
1-2: SINGLE (Groundball, 6M)
Batting: RHB Félix García 0-0: Swinging Strike
0-1: Ball
1-1: Reached on Error, E8 (Flyball, 8LD)
Tony Reyes to third
Batting: RHB Ken Fingers 0-0: Foul Ball, location: 2F
0-1: Ball
1-1: Foul Ball, location: 2F
1-2: Foul Ball, location: 2F
1-2: Strikes out swinging
Bottom of the 6th over - 0 run(s), 1 hit(s), 1 error(s), 2 left on base; Gresham 6 - Lansing 3
TOP OF THE 7TH
Gresham Gold Souls batting - Pitching for Lansing Lugnuts : RHP Kosami Tagawa
Batting: RHB Arturo Rodríguez 0-0: Swinging Strike
0-1: Ball
1-1: Called Strike
1-2: Strikes out swinging
Pitching: RHP Dae-hee Ch'oe
Batting: RHB Lorenzo Morín 0-0: Called Strike
0-1: Swinging Strike
0-2: Ball
1-2: Strikes out swinging
Batting: LHB Bill Smith 0-0: Called Strike
0-1: Foul Ball, location: 2F
0-2: Ball
1-2: Foul Ball, location: 2F
1-2: Fly out, F8 (Flyball, 8RXD)
Top of the 7th over - 0 run(s), 0 hit(s), 0 error(s), 0 left on base; Gresham 6 - Lansing 3
BOTTOM OF THE 7TH
Lansing Lugnuts batting - Pitching for Gresham Gold Souls : RHP David Green
Batting: RHB Billy Campbell 0-0: SOLO HOME RUN (Flyball, 7D), Distance : 416 ft
Batting: RHB David Murray 0-0: Ball
1-0: Ball
2-0: Fly out, F8 (Flyball, 8RD)
Batting: LHB Sam Barnes 0-0: Called Strike
0-1: Ground out U3 (Groundball, 3L)
Batting: LHB Tom Mullins 0-0: Ball
1-0: Ball
2-0: Foul Ball, location: 2F
2-1: Ball
3-1: Base on Balls
Batting: RHB Lu-fang Huie 0-0: Ball
1-0: Called Strike
1-1: Ground out 6-3 (Groundball, 6)
Bottom of the 7th over - 1 run(s), 1 hit(s), 0 error(s), 1 left on base; Gresham 6 - Lansing 4
TOP OF THE 8TH
Gresham Gold Souls batting - Pitching for Lansing Lugnuts : RHP Dae-hee Ch'oe
Batting: SHB Todd Smith 0-0: Ball
1-0: Foul Ball, location: 2F
1-1: Foul Ball, location: 2F
1-2: Ground out 4-3 (Groundball, 4)
Batting: RHB Juan Acuña 0-0: Ball
1-0: Ball
2-0: Foul Ball, location: 2F
2-1: Foul Ball, location: 2F
2-2: Ground out 6-3 (Groundball, 6)
Batting: RHB Pablo Castillo 0-0: Foul Ball, location: 2F
0-1: Foul Ball, location: 2F
0-2: Ball
1-2: Ground out 1-3 (Groundball, 15S)
Top of the 8th over - 0 run(s), 0 hit(s), 0 error(s), 0 left on base; Gresham 6 - Lansing 4
BOTTOM OF THE 8TH
Lansing Lugnuts batting - Pitching for Gresham Gold Souls : RHP David Green
Batting: LHB Ricardo Romero 0-0: Called Strike
0-1: Called Strike
0-2: Ball
1-2: Strikes out swinging
Batting: RHB Tony Reyes 0-0: Called Strike
0-1: Ball
1-1: Foul Ball, location: 2F
1-2: Ball
2-2: TRIPLE (Flyball, 9D)
Pitching: LHP Pepe Caro
Batting: RHB Félix García 0-0: Ball
1-0: Ball
2-0: Ball
3-0: Called Strike
3-1: Called Strike
3-2: Foul Ball, location: 2F
3-2: Fly out, F7 (Flyball, 7M)
Pitching: RHP Ron Biller
Batting: RHB Ken Fingers 0-0: Ball
1-0: Foul Ball, location: 2F
1-1: Fly out, F9 (Flyball, 9M)
Bottom of the 8th over - 0 run(s), 1 hit(s), 0 error(s), 1 left on base; Gresham 6 - Lansing 4
TOP OF THE 9TH
Gresham Gold Souls batting - Pitching for Lansing Lugnuts : RHP Dae-hee Ch'oe
Pitching: RHP Jesús Sosa
Batting: RHB Steve Field 0-0: Ball
1-0: Foul Ball, location: 2F
1-1: Called Strike
1-2: SINGLE (Groundball, 56D)
Batting: RHB Kazushige Aoki 0-0: Foul Ball, location: 2F
0-1: Ball
1-1: Swinging Strike
1-2: Foul Ball, location: 2F
1-2: Ball
2-2: DOUBLE (Line Drive, 78D)
Steve Field to third
Pitching: RHP António Ramírez
Batting: RHB Alejandro Martínez 0-0: Called Strike
0-1: Ball
1-1: Ball
2-1: Foul Ball, location: 2F
2-2: Ball
3-2: Strikes out looking
Batting: RHB Arturo Rodríguez 0-0: Foul Ball, location: 2F
0-1: Ball
1-1: Ball
2-1: Ball
3-1: SINGLE (Groundball, 34D)
Steve Field scores
Kazushige Aoki to third
Batting: RHB Lorenzo Morín 0-0: Ball
1-0: Called Strike
1-1: DOUBLE (Line Drive, 5D)
Kazushige Aoki scores
Arturo Rodríguez to third
Runner from 3rd tries for Home, SAFE, throw made home
Batting: LHB Bill Smith 0-0: Called Strike
0-1: Ball
1-1: Fly out, F7 (Flyball, 78XD)
Runner from 2nd tags up, SAFE at 3rd, no throw
Batting: SHB Todd Smith 0-0: Ball
1-0: Ground out 4-3 (Groundball, 4)
Top of the 9th over - 3 run(s), 4 hit(s), 0 error(s), 1 left on base; Gresham 9 - Lansing 4
BOTTOM OF THE 9TH
Lansing Lugnuts batting - Pitching for Gresham Gold Souls : RHP Ron Biller
Now at 1B: Valentino Agnelli
Batting: RHB Billy Campbell 0-0: Called Strike
0-1: Fly out, F3 (Popup, 3)
Batting: RHB David Murray 0-0: Ball
1-0: Called Strike
1-1: Ball
2-1: Called Strike
2-2: Ball
3-2: Foul Ball, location: 2F
3-2: Strikes out swinging
Batting: LHB Sam Barnes 0-0: SINGLE (Groundball, 34)
Batting: LHB Tom Mullins 0-0: Called Strike
0-1: Ground out 3-1 (Groundball, 34S)
Bottom of the 9th over - 0 run(s), 1 hit(s), 0 error(s), 1 left on base; Gresham 9 - Lansing 4
This league is powered by Out of the Park Baseball, the baseball management simulation game for PC, Mac and Linux
Tuesday, August 2nd, 2016 - OOTP Baseball 16.8 Build 38